 Dungeon Crawl Stone Soup version 0.26-a0-1184-g95e395e029 (webtiles) character file.

Game seed: 10937794678432083081

56212 Arthanis the Scorcher (level 14, -31/72 HPs)
             Began as a Deep Elf Fire Elementalist on Dec 27, 2020.
             Was a High Priest of Vehumet.
             Killed from afar by a tengu reaver (53 damage)
             ... with a bolt of poison
             ... on level 15 of the Dungeon.
             The game lasted 00:52:57 (28039 turns).

Arthanis the Scorcher (Deep Elf Fire Elementalist) Turns: 28039, Time: 00:52:57

Health: -31/72     AC:  7    Str:  5    XL:     14   Next: 41%
Magic:  4/35       EV: 16    Int: 26    God:    Vehumet [*****.]
Gold:   1345       SH:  5    Dex: 15    Spells: 17/44 levels left

rFire    . . .     SeeInvis +   U - staff of conjuration
rCold    . . .     Faith    .   (no shield)
rNeg     . . .     Spirit   .   Y - +2 robe {Will+}
rPois    .         Reflect  +   h - +0 helmet
rElec    .         Harm     .   q - scarf {repulsion}
rCorr    .         Rampage  +   (no gloves)
Will     +++..                  s - +1 pair of boots {rampage}
Stlth    ++........             Z - amulet of reflection
HPRegen  0.22/turn              O - ring of see invisible
MPRegen  0.24/turn              M - ring of willpower

@: lethally poisoned (-31 -> -49), about to teleport, repel missiles
A: no striking features
a: Renounce Religion


You were on level 15 of the Dungeon.
You worshipped Vehumet.
Vehumet was extremely pleased with you.
You visited 3 branches of the dungeon, and saw 18 of its levels.

You collected 2961 gold pieces.
You spent 1616 gold pieces at shops.

Inventory:

Hand Weapons
 m - a +2 dagger of flaming
 y - a +2 vorpal trident
 F - a +4 spear
 G - a +0 dagger of venom
 J - a +2 trident of venom
 T - the +1 quarterstaff "Liwkoagh" {elec, rPois rC+ Stlth+}
   (You found it on level 10 of the Dungeon)

   Occasionally, upon striking a foe, it can discharge electrical energy and
   cause terrible harm.
   It protects you from cold.
   It protects you from poison.
   It makes you more stealthy.
Missiles
 L - 2 throwing nets
Armour
 a - a +2 robe of fire resistance
 h - a +0 helmet (worn)
 q - a scarf of repulsion (worn)
 s - a +1 pair of boots of rampaging (worn)
 S - a +1 robe of cold resistance
 Y - a +2 robe of willpower (worn)
Magical Staves
 U - an uncursed staff of conjuration (weapon)
Jewellery
 p - a +6 ring of strength
 M - a ring of willpower (right hand)
 O - a ring of see invisible (left hand)
 Q - an uncursed ring of flight
 R - an uncursed ring of ice
 Z - an amulet of reflection (around neck)
Wands
 d - a wand of flame (56)
 t - a wand of iceblast (10)
 H - a wand of disintegration (5)
 P - a wand of digging (3)
 X - a wand of paralysis (7)
Scrolls
 c - 3 scrolls of identify
 e - 5 scrolls of immolation
 f - 7 scrolls of enchant weapon
 i - 3 scrolls of blinking
 j - 5 scrolls of fear
 n - 15 scrolls of teleportation
 v - 2 scrolls of enchant armour
 w - 5 scrolls of remove curse
 I - 2 scrolls of amnesia
 K - 3 scrolls of fog
 V - a scroll of holy word
Potions
 g - 6 potions of flight
 k - 2 potions of mutation
 l - a potion of attraction {unknown}
 o - 3 potions of berserk rage {unknown}
 r - 4 potions of haste
 x - 9 potions of curing
 A - 3 potions of heal wounds
 B - 2 potions of invisibility
 C - 6 potions of lignification {unknown}
 E - a potion of resistance {unknown}
 N - 2 potions of brilliance {unknown}
 W - 14 potions of ambrosia


   Skills:
 - Level 2.0 Fighting
 + Level 6.7 Dodging
 - Level 3.0 Stealth
 + Level 15.5 Spellcasting
 + Level 13.1 Conjurations
 * Level 18.0 Fire Magic
 + Level 4.9 Evocations


You had 17 spell levels left.
You knew the following spells:

 Your Spells              Type           Power        Failure   Level
a - Foxfire               Conj/Fire      100%         0%          1
b - Conjure Flame         Conj/Fire      100%         0%          3
c - Sticky Flame          Conj/Fire      100%         1%          4
d - Fireball              Conj/Fire      50%          1%          5
e - Mephitic Cloud        Conj/Pois/Air  59%          1%          3
f - Bolt of Magma         Conj/Fire/Erth 42%          1%          5
g - Iron Shot             Conj/Erth      34%          7%          6

Your spell library contained the following spells:

 Spells                   Type           Power        Failure   Level
 Iskenderun's Mystic Bla  Conj/Tloc      69%          1%          4
 Dazzling Flash           Conj/Hex       100%         1%          3
 Inner Flame              Hex/Fire       61%          1%          3
 Apportation              Tloc           40%          2%          1
 Corona                   Hex            22%          2%          1
 Summon Small Mammal      Summ           80%          2%          1
 Call Imp                 Summ           20%          4%          2
 Ensorcelled Hibernation  Hex/Ice        40%          4%          2
 Slow                     Hex            20%          4%          2
 Wereblood                Tmut           20%          4%          2
 Call Canine Familiar     Summ           20%          8%          3
 Confusing Touch          Hex            20%          8%          3
 Lesser Beckoning         Tloc           10%          8%          3
 Portal Projectile        Hex/Tloc       40%          8%          3
 Summon Guardian Golem    Hex/Summ       20%          8%          3
 Tukima's Dance           Hex            20%          8%          3
 Cause Fear               Hex            10%          26%         4
 Leda's Liquefaction      Hex/Erth       10%          26%         4
 Summon Ice Beast         Ice/Summ       20%          26%         4
 Summon Lightning Spire   Summ/Air       20%          26%         4
 Alistair's Intoxication  Tmut/Pois      13%          58%         5
 Invisibility             Hex            20%          99%         6
 Statue Form              Tmut/Erth      13%          99%         6
 Shatter                  Erth           10%          100%        9


Dungeon Overview and Level Annotations

Branches:
Dungeon (15/15)            Temple (1/1) D:7            Lair (0/6) D:11
    Orc (2/2) D:9             Elf (0/3) Orc:2        Vaults (0/5) D:14
 Depths (0/5) D:15

Altars:
Ashenzari
Cheibriados
Dithmenos
Elyvilon
Fedhas
Gozag
Hepliaklqana
Kikubaaqudgha
Makhleb
Nemelex Xobeh
Okawaru
Qazlal
Ru
Sif Muna
Trog
Uskayaw
Vehumet
Wu Jian
Xom
Yredelemnul
Zin
The Shining One
Beogh
Lugonu

Shops:
D:4 ?   D:10 *   D:12 *   D:14 :   Orc:2 *[*!

Annotations:
D:11 2 transporters, skk's ghost, journeyman GrFi
D:15 2 transporters, loralnil's ghost, journeyman GnTm


Message History

You feel a surge of power!
The sticky flame hits the tengu reaver.
The tengu reaver is heavily wounded.
The tengu reaver is covered in liquid flames!
The tengu reaver burns!
The tengu reaver hits you with a +0 battleaxe!!
The tengu reaver pecks you! You block the tengu reaver's attack.
As you read the scroll of teleportation, it crumbles to dust.
You feel strangely unstable.
The tengu reaver burns!
The tengu reaver hits you with a +0 battleaxe!
* * * LOW HITPOINT WARNING * * *
The tengu reaver pecks you but does no damage.
The tengu reaver claws you but does no damage.
The tengu reaver burns!
The tengu reaver burns!
The tengu reaver burns!
The tengu reaver points at you and mumbles some strange words.
The bolt of poison hits you!!!
You are poisoned.
Ouch! That really hurt!
You die...

####.# #..........#.# #.#
.....###...########.###.#
(#....^....# #.....# .#.......###
####### .#...#################
.#.###...............############
##...#..##......)##..##.*./.D.'.#
#.###8.##.8.^########.#########†
#.'.÷.....##...@.Q*D'.#G('...F.#
#.'.....).##........'.#|?'.....#
#####8.##.8..########.#########$
#..##.......##..##.......+.#
#....(..........############
#################


You could see a fire dragon, a tengu reaver (burning) and a battlesphere.

Vanquished Creatures
  Jorgrun (Orc:2)
  A storm dragon (D:15)
  A stone giant (Orc:1)
  2 ettins
  Snorg (Orc:2)
  Fannar (D:10)
  Josephine (D:14)
  3 hydras (D:13)
  A boulder beetle (D:14)
  4 centaur warriors
  An anaconda (shapeshifter) (D:14)
  2 tengu warriors
  4 two-headed ogres
  Erica (Orc:1)
  Sonja (D:10)
  An orc high priest (Orc:2)
  2 unseen horrors
  A deep troll (D:15)
  4 orc sorcerers (Orc:2)
  12 ugly things
  2 deep elf magi
  3 orc knights (Orc:1)
  An elephant (shapeshifter) (D:14)
  A manticore (D:14)
  2 cyclopes
  A salamander (shapeshifter) (D:13)
  Maurice (D:7)
  2 gargoyles
  2 kobold demonologists
  Maggie (D:6)
  2 rime drakes (D:15)
  A queen bee (Orc:1)
  12 trolls
  A hornet (D:10)
  A hornet (shapeshifter) (D:14)
  Prince Ribbit (D:7)
  A dream sheep (shapeshifter) (D:14)
  A redback (shapeshifter) (D:13)
  2 centaur simulacra (D:15)
  2 shadows
  A water elemental (D:11)
  7 wraiths
  2 wyverns
  11 yaks
  A warg (Orc:2)
  2 acid dragons
  A water moccasin (D:13)
  Duvessa (D:6)
  A black bear (D:11)
  5 sky beasts
  32 orc warriors
  5 eyes of draining
  3 ice beasts
  3 phantoms
  7 centaurs
  12 ogres
  2 wolves (D:11)
  4 big kobolds
  7 bullfrogs
  A gnoll sergeant (Orc:1)
  2 scorpions
  Dowan (D:6)
  A water moccasin zombie (D:10)
  22 killer bees
  3 wights (D:10)
  3 electric eels (D:11)
  A howler monkey (D:6)
  3 centaur zombies
  A quasit (D:9)
  3 bullfrog zombies
  A bullfrog skeleton (D:10)
  10 centaur skeletons
  A gnoll shaman (D:4)
  17 hounds
  25 orc priests
  5 jellies
  41 orc wizards
  Jessica (D:2)
  Ijyb (D:3)
  5 iguanas
  Natasha (D:3)
  7 worker ants
  A hound zombie (D:10)
  3 hound skeletons
  Robin (D:3)
  A worker ant zombie (D:5)
  6 gnolls
  22 adders
  2 shadow imps
  9 white imps
  2 ufetubi (D:8)
  An adder zombie (D:5)
  2 adder skeletons
  2 worms
  A dart slug (D:5)
  7 leopard geckos
  91 orcs
  6 giant cockroaches
  22 goblins
  14 hobgoblins
  29 jackals
  18 kobolds
  5 quokkas
  5 bats
  7 frilled lizards
  8 rats
613 creatures vanquished.

Vanquished Creatures (others)
  2277 foxfires
  6 plants
2283 creatures vanquished.

Grand Total: 2896 creatures vanquished

Notes
Turn   | Place    | Note
-------+----------+-------------------------------------------
     0 | D:1      | Arthanis the Deep Elf Fire Elementalist began the quest for
                  | the Orb.
     0 | D:1      | Reached XP level 1. HP: 10/10 MP: 6/6
   233 | D:1      | Reached XP level 2. HP: 15/15 MP: 5/8
   538 | D:1      | Reached skill level 4 in Fire Magic
   748 | D:1      | Reached XP level 3. HP: 19/19 MP: 5/10
  1288 | D:2      | Noticed Jessica
  1293 | D:2      | Killed Jessica
  1294 | D:2      | Reached XP level 4. HP: 24/24 MP: 5/11
  1480 | D:2      | Learned a level 3 spell: Conjure Flame
  1485 | D:2      | Learned a level 4 spell: Sticky Flame
  1829 | D:2      | Found a glowing silver altar of Zin.
  2728 | D:3      | Noticed Ijyb
  2749 | D:3      | Killed Ijyb
  2750 | D:3      | Reached skill level 5 in Fire Magic
  2800 | D:3      | Noticed Robin
  2807 | D:3      | Reached XP level 5. HP: 28/28 MP: 9/13
  2833 | D:3      | Killed Robin
  3009 | D:3      | Found a basalt altar of Yredelemnul.
  3475 | D:3      | Noticed Natasha
  3480 | D:3      | Killed Natasha
  3560 | D:3      | Learned a level 5 spell: Fireball
  3704 | D:4      | Reached XP level 6. HP: 32/32 MP: 9/15
  3712 | D:4      | Reached skill level 5 in Spellcasting
  3881 | D:4      | Found Enaruot's Magic Scroll Shop.
  3919 | D:4      | Bought a scroll of identify for 22 gold pieces
  3919 | D:4      | Bought a scroll of remove curse for 33 gold pieces
  3919 | D:4      | Bought a scroll of teleportation for 33 gold pieces
  3919 | D:4      | Bought a scroll of identify for 22 gold pieces
  3983 | D:4      | Reached skill level 6 in Fire Magic
  4324 | D:4      | Found a hazy altar of Hepliaklqana.
  4537 | D:4      | Noticed a sky beast
  4545 | D:4      | Killed a sky beast
  4546 | D:4      | Reached XP level 7. HP: 36/36 MP: 10/17
  4714 | D:5      | Entered Level 5 of the Dungeon
  4820 | D:5      | Reached skill level 7 in Fire Magic
  5038 | D:5      | Found a sparkling altar of Nemelex Xobeh.
  5458 | D:5      | Found a snail-covered altar of Cheibriados.
  5579 | D:5      | Reached skill level 5 in Conjurations
  5625 | D:5      | Reached XP level 8. HP: 41/41 MP: 13/20
  5812 | D:5      | Reached skill level 8 in Fire Magic
  6753 | D:6      | Found a white marble altar of Elyvilon.
  7221 | D:6      | Reached skill level 9 in Fire Magic
  7264 | D:6      | Found a hide-covered altar of Uskayaw.
  7278 | D:6      | Found a bloodstained altar of Trog.
  7278 | D:6      | Noticed Duvessa
  7294 | D:6      | Killed Duvessa
  7318 | D:6      | Noticed Dowan
  7328 | D:6      | Killed Dowan
  7449 | D:6      | Found a shimmering blue altar of Sif Muna.
  7452 | D:6      | Identified Sif Muna's Catalogue of Transformation
  7671 | D:6      | Reached XP level 9. HP: 45/45 MP: 15/23
  7675 | D:6      | Found a burning altar of Makhleb.
  7803 | D:6      | Noticed Maggie
  7821 | D:6      | Killed Maggie
  7822 | D:6      | Reached skill level 10 in Fire Magic
  8090 | D:7      | Found a blossoming altar of Fedhas.
  8107 | D:7      | Found an ornate altar of the Wu Jian Council.
  9207 | D:7      | Reached skill level 1 in Evocations
  9262 | D:7      | Found a staircase to the Ecumenical Temple.
  9269 | Temple   | Entered the Ecumenical Temple
  9346 | D:8      | Noticed Maurice
  9346 | D:8      | Noticed Prince Ribbit
  9356 | D:7      | Killed Maurice
  9507 | D:7      | Killed Prince Ribbit
 10013 | D:8      | Reached skill level 11 in Fire Magic
 10175 | D:8      | Noticed a troll
 10184 | D:8      | Killed a troll
 10280 | D:8      | Reached XP level 10. HP: 50/50 MP: 19/25
 11103 | D:9      | Reached skill level 10 in Spellcasting
 11653 | D:9      | Found a roughly hewn altar of Beogh.
 11653 | D:9      | Found a staircase to the Orcish Mines.
 11795 | D:9      | Found a sacrificial altar of Ru.
 11849 | D:9      | Reached skill level 12 in Fire Magic
 12110 | D:9      | Found a shadowy altar of Dithmenos.
 12243 | D:9      | Found a radiant altar of Vehumet.
 12265 | D:9      | Became a worshipper of Vehumet
 12309 | D:9      | Found a broken altar of Ashenzari.
 12313 | D:9      | Found an opulent altar of Gozag.
 13036 | D:9      | Found an iron altar of Okawaru.
 13189 | D:10     | Entered Level 10 of the Dungeon
 13583 | D:10     | Noticed a two-headed ogre
 13748 | D:10     | Killed a two-headed ogre
 13944 | D:10     | Reached XP level 11. HP: 54/54 MP: 21/28
 14264 | D:10     | Noticed Sonja
 14305 | D:10     | Killed Sonja
 14306 | D:10     | Reached skill level 13 in Fire Magic
 14307 | D:10     | Reached * piety under Vehumet
 14307 | D:10     | Offered knowledge of Sandblast by Vehumet.
 14374 | D:10     | Killed an unseen horror
 14375 | D:10     | Reached skill level 1 in Fighting
 14585 | D:10     | Noticed Fannar
 14591 | D:10     | Killed Fannar
 14830 | D:10     | Found Icaigib's Assorted Antiques.
 14839 | D:10     | Bought a scroll labelled PUSEOH WOHISA for 24 gold pieces
 14839 | D:10     | Bought a scroll of identify for 48 gold pieces
 14839 | D:10     | Bought a brown potion for 21 gold pieces
 14988 | D:10     | Got a warped quarterstaff
 15093 | D:10     | Identified the cursed +1 quarterstaff "Liwkoagh" {elec,
                  | rPois rC+ Stlth+} (You found it on level 10 of the Dungeon)
 15274 | D:11     | Found a transporter.
 15274 | D:11     | Noticed a fire giant
 15286 | D:11     | Noticed skk's ghost (journeyman GrFi)
 15789 | D:11     | Found a staircase to the Lair.
 15833 | D:11     | Found a transporter.
 16335 | D:12     | Noticed a purple ugly thing
 16345 | D:12     | Killed a purple ugly thing
 16365 | D:12     | Noticed a two-headed ogre
 16540 | D:12     | Killed a two-headed ogre
 16541 | D:12     | Reached skill level 10 in Conjurations
 16541 | D:12     | Reached skill level 14 in Fire Magic
 16842 | D:12     | Offered knowledge of Searing Ray by Vehumet.
 16885 | D:12     | Reached ** piety under Vehumet
 17784 | D:12     | Reached XP level 12. HP: 62/62 MP: 19/30
 17847 | D:12     | Found Sojuerph's General Store.
 17854 | D:12     | Bought a scroll of holy word for 120 gold pieces
 17854 | D:12     | Bought a potion of curing for 48 gold pieces
 17854 | D:12     | Bought 2 potions of curing for 96 gold pieces
 17957 | D:12     | Identified a scroll of acquirement
 17958 | D:12     | Acquired 695 gold pieces
 18120 | D:13     | Noticed a five-headed hydra
 18122 | D:13     | Killed a five-headed hydra
 18361 | D:13     | Noticed a six-headed hydra
 18364 | D:13     | Killed a six-headed hydra
 18431 | D:13     | Noticed a tengu warrior
 18434 | D:13     | Killed a tengu warrior
 18894 | D:13     | Reached skill level 15 in Fire Magic
 18951 | D:13     | Noticed a seven-headed hydra
 18957 | D:13     | Killed a seven-headed hydra
 19433 | D:14     | Noticed a boulder beetle
 19738 | D:14     | Offered knowledge of Ignite Poison by Vehumet.
 19858 | D:14     | Killed a boulder beetle
 19863 | D:14     | Noticed a centaur warrior
 20167 | D:14     | Reached *** piety under Vehumet
 20168 | D:14     | Reached skill level 5 in Dodging
 20278 | D:14     | Noticed an anaconda
 20282 | D:14     | Killed an anaconda
 20287 | D:14     | Noticed Josephine
 20517 | D:14     | Killed Josephine
 20734 | D:14     | Killed a centaur warrior
 20919 | D:14     | Offered knowledge of Mephitic Cloud by Vehumet.
 20924 | D:14     | Learned a level 3 spell: Mephitic Cloud
 20941 | D:14     | Learned a level 5 spell: Bolt of Magma
 20948 | D:14     | Learned a level 6 spell: Iron Shot
 20977 | D:14     | Found Aschaxzi's Book Shop.
 21055 | D:14     | Noticed a centaur warrior
 21058 | D:14     | Killed a centaur warrior
 21059 | D:14     | Reached XP level 13. HP: 30/66 MP: 10/32
 21423 | D:14     | Found a gate to the Vaults.
 21494 | D:15     | Entered Level 15 of the Dungeon
 21671 | D:15     | Noticed an ettin
 21673 | D:15     | Reached skill level 16 in Fire Magic
 21806 | D:14     | Killed an ettin
 21888 | D:15     | HP: 1/66 [centaur warrior/arrow (19)]
 22429 | D:15     | Found a staircase to the Depths.
 22578 | D:15     | Found a transporter.
 22578 | D:15     | Identified the +5 great mace of Couvvaz {freeze, Int+3}
 22578 | D:15     | Identified the ring "Tegum" {rPois rC+ rN+ Will- Int+6}
 22578 | D:15     | Noticed a frost giant
 22578 | D:15     | Noticed loralnil's ghost (journeyman GnTm)
 22580 | D:15     | Found a transporter.
 22599 | D:15     | Reached **** piety under Vehumet
 22820 | D:15     | Offered knowledge of Frozen Ramparts by Vehumet.
 23239 | D:15     | Reached skill level 17 in Fire Magic
 23357 | D:15     | Noticed a storm dragon
 23357 | D:15     | Noticed a tengu reaver
 23357 | D:15     | Noticed a fire dragon
 23570 | Orc:1    | Entered Level 1 of the Orcish Mines
 23695 | Orc:1    | Noticed Erica
 23831 | Orc:1    | Killed Erica
 24155 | Orc:2    | Entered Level 2 of the Orcish Mines
 24279 | Orc:1    | Noticed an ettin
 24367 | Orc:1    | Killed an ettin
 24368 | Orc:1    | Reached skill level 15 in Spellcasting
 24929 | Orc:2    | Found a staircase to the Elven Halls.
 25061 | Orc:2    | Reached XP level 14. HP: 65/72 MP: 21/35
 25079 | Orc:2    | Reached ***** piety under Vehumet
 25079 | Orc:2    | Offered knowledge of Iskenderun's Mystic Blast by Vehumet.
 25512 | Orc:2    | Noticed Snorg
 25533 | Orc:2    | Killed Snorg
 25741 | Orc:2    | Noticed Jorgrun
 25958 | Orc:1    | Noticed a stone giant
 26204 | Orc:2    | Killed Jorgrun
 26714 | Orc:1    | Killed a stone giant
 27600 | Orc:2    | Found Xeeth's Distillery.
 27600 | Orc:2    | Found Fyofonaa's Assorted Antiques.
 27601 | Orc:2    | Found Diurchup's Assorted Antiques.
 27604 | Orc:2    | Found Betsiom's Antique Armour Shoppe.
 27607 | Orc:2    | Bought a potion of degeneration for 15 gold pieces
 27607 | Orc:2    | Bought a potion of invisibility for 120 gold pieces
 27611 | Orc:2    | Bought a scroll of identify for 80 gold pieces
 27611 | Orc:2    | Bought a scroll of blinking for 300 gold pieces
 27611 | Orc:2    | Bought a purple potion for 36 gold pieces
 27612 | Orc:2    | Bought a scroll of identify for 58 gold pieces
 27612 | Orc:2    | Bought a scroll of fear for 101 gold pieces
 27612 | Orc:2    | Bought a scroll of immolation for 101 gold pieces
 27612 | Orc:2    | Bought a scroll of identify for 58 gold pieces
 27613 | Orc:2    | Bought an embroidered scarf for 280 gold pieces
 28020 | D:15     | Killed a storm dragon
 28021 | D:15     | Reached skill level 18 in Fire Magic
 28039 | D:15     | Killed from afar by a tengu reaver

Illustrated notes

Levels and vault maps discovered:
D:1:      minmay_arrival_radiant_lines, layout_rooms
D:2:      layout_basic, zin_academy, minivault_14, minmay_worlds_worst_comb,
          uniq_jessica
D:3:      layout_basic, lemuel_coloured_pillars_altar, uniq_ijyb, uniq_natasha,
          uniq_robin
D:4:      layout_cave_pools, kennysheep_mini_moat, serial_shops,
          nicolae_shop_statue_plus
D:5:      layout_layer_cave, kennysheep_slug_shrine, basic_altar
D:6:      layout_basic, nzn_overflow_gifts_of_might_and_magic, elyvilon_altar_3,
          makhleb_heckhound_becter, marbit_many_paths, serial_bayou_pond_b,
          uniq_maggie
D:7:      layout_basic, old_standard_altar, minmay_temple_entry_overgrown,
          basic_altar, minmay_misc_feat_roman, minmay_misc_feat_rows
D:8:      layout_rooms, uniq_maurice, uniq_prince_ribbit1
D:9:      layout_basic, nicolae_overflow_hidden_temple,
          nicolae_ru_the_path_less_chosen, old_standard_altar,
          minmay_overflow_temple_star_quad, david_orc_5
D:10:     layout_layer_cave, serial_shops, shop, minmay_misc_feat_iff,
          uniq_fannar, uniq_sonja
D:11:     layout_basic, erik_lair_island, gammafunk_ghost_arena,
          minmay_tree_intersection
D:12:     layout_loops_ring, serial_shops, nicolae_shop_waterfront,
          minmay_microvault
D:13:     layout_gridville, chequers_serial_rivers_room_b
D:14:     layout_cross, david_vaults_2, serial_shops, shop,
          minmay_staircase_statues_hall_small, uniq_josephine
D:15:     hangedman_depths_entry_civil_slaughter, layout_basic,
          gammafunk_ghost_smash, roderic_serpentine_path, portal_ice_cave_rime,
          wad_scary_box
Temple:   corrupted_temple
Orc:1:    minmay_goldmine, layout_caves, special_room [special_room_bee],
          sword_in_stone, uniq_erica
Orc:2:    st_orc_mages, layout_caves, special_room, uniq_jorgrun, uniq_snorg

Skill      XL: |  1  2  3  4  5  6  7  8  9 10 11 12 13 14 |
---------------+-------------------------------------------+-----
Fire Magic     | 4 5 6 7 9 11 12 14 15 17 18 | 18.0
Conjurations   | 2 3 4 5 6 7 9 10 11 12 13 | 13.1
Spellcasting   | 4 5 6 8 9 11 12 13 15 | 15.5
Stealth        | 3 |  3.0
Evocations     | 2 4 |  4.9
Dodging        | 4 6 |  6.7
Fighting       | 2 |  2.0

Action                   |  1- 3 |  4- 6 |  7- 9 | 10-12 | 13-15 || total
-------------------------+-------+-------+-------+-------+-------++-------
Melee: Unarmed           |     2 |       |       |       |       ||     2
       Dagger            |       |     8 |     5 |    14 |       ||    27
       Trident           |       |       |     2 |       |       ||     2
       Staff             |       |       |       |     3 |     7 ||    10
 Cast: Foxfire           |    87 |   177 |   361 |   536 |   237 ||  1398
       Sticky Flame      |       |       |    19 |    26 |    39 ||    84
       Conjure Flame     |       |       |     7 |     9 |     1 ||    17
       Fireball          |       |       |     4 |   110 |   119 ||   233
       Bolt of Magma     |       |       |       |       |    16 ||    16
       Mephitic Cloud    |       |       |       |       |     1 ||     1
Evoke: Wand              |       |       |       |     5 |     3 ||     8
  Use: Scroll            |       |     7 |     1 |    12 |     4 ||    24
Armor: Robe              |    14 |    12 |    24 |    32 |    30 ||   112
Dodge: Dodged            |    25 |    37 |    44 |    54 |   101 ||   261
Block: Other             |       |       |       |       |    26 ||    26
       Reflection        |       |       |       |       |     2 ||     2

Table legend: (Time is in decaauts)
 A = Elapsed time spent in this place.
 B = Non-inter-level travel time spent in this place.
 C = Inter-level travel time spent in this place.
 D = Time resting spent in this place.
 E = Time spent auto-exploring this place.
 F = Levels seen in this place.
 G = Mean time per level.
                   A        B        C        D        E       F      G
               +--------+--------+--------+--------+--------+-----+--------+
         Total |  28081 |  27178 |    903 |   3899 |  19047 |  18 | 1560.1 |
       Dungeon |  24095 |  23276 |    819 |   3017 |  16834 |  15 | 1606.3 |
        Temple |     50 |     39 |     11 |      0 |     38 |   1 |   50.0 |
  Orcish Mines |   3935 |   3863 |     72 |    882 |   2175 |   2 | 1967.5 |
               +--------+--------+--------+--------+--------+-----+--------+

Top non-repeatable levels by time:
    D:13: 2711 daAuts
     D:9: 2513 daAuts
   Orc:2: 2225 daAuts
     D:5: 1935 daAuts
    D:10: 1829 daAuts
     D:7: 1805 daAuts
   Orc:1: 1710 daAuts
     D:2: 1670 daAuts
    D:12: 1624 daAuts
    D:14: 1601 daAuts
    D:15: 1465 daAuts
     D:6: 1358 daAuts
    D:11: 1300 daAuts
     D:8: 1235 daAuts
     D:3: 1208 daAuts
